Sharks vs MapleLeafs

Created - February 13, 2015 at 17:36

Goals
1 2 3 T
Sharks 1 0 0 1
MapleLeafs 1 1 2 4
Shots
1 2 3 T
Sharks 8 7 10 25
MapleLeafs 14 13 13 40

1st period

1. MapleLeafs , Vladimir Tarasenko 20 (Nick Holden, Jay Bouwmeester) at 7:00
2. Sharks , Robert Bortuzzo 2 (Rich Peverley, Matt Beleskey) at 12:58 (PP)

Penalties :
Devante Smith-Pelly (TOR) for Slashing (Double Minor) at 0:18, Cory Sarich (SJS) for Tripping (Minor) at 0:18, Evander Kane (TOR) for Tripping (Minor) at 8:32, Evander Kane (TOR) for Goalie Interference (Minor) at 12:42, Alexei Emelin (TOR) for Hooking (Minor) at 16:10, Kris Newbury (SJS) for Holding (Minor) at 17:10

2nd period

3. MapleLeafs , Shawn Matthias 1 (Devante Smith-Pelly, Eric Gelinas) at 11:30

Penalties :
Kyle Quincey (SJS) for Roughing (Minor) at 0:45, Kris Newbury (SJS) for High sticking (Minor) at 5:56, Kyle Quincey (SJS) for Slashing (Minor) at 8:47, Michael Del Zotto (TOR) for Tripping (Minor) at 17:33, Matt Beleskey (SJS) for Interference (Minor) at 17:33

3rd period

4. MapleLeafs , Vladimir Tarasenko 21 (Michael Grabner, Nikita Nikitin) at 5:40
5. MapleLeafs , Milan Lucic 14 (Nikita Nikitin, Alexei Emelin) at 12:47

Penalties :
Robert Bortuzzo (SJS) for Hooking (Minor) at 10:11, Antoine Roussel (TOR) for Hooking (Minor) at 13:07, Eric Gelinas (TOR) for Tripping (Minor) at 16:24

Goalie Stats

Jonas Hiller (SJS), 36 saves from 40 shots - (0.900), L, 13-18-6, 60:00 minutes
Ryan Miller (TOR), 24 saves from 25 shots - (0.960), W, 17-18-1, 60:00 minutes

Players Stats for Sharks

Player Name              G  A  P  +/- PIM S  H  SB GA TA FO     MP     PP MP  PK MP  
------------------------------------------------------------------------------------
Andrew Shaw              0  0  0  -2  0   2  0  0  0  0  0/0    11:58   0:00   0:00 
Chris Butler             0  0  0   0  0   1  2  2  0  0  0/0    22:07   4:21   4:17 
Colin Fraser             0  0  0  -2  0   0  1  0  0  0  9/17   12:48   0:43   0:35 
Cory Sarich              0  0  0   0  2   0  7  0  0  0  0/0    21:25   4:09   4:04 
Drew Stafford            0  0  0  -2  0   4  0  0  0  0  2/4    19:40   3:28   5:27 
Jannik Hansen            0  0  0   0  0   3  1  1  0  0  3/6    20:15   4:23   3:29 
Joe Corvo                0  0  0  -3  0   0  1  1  0  0  0/0    19:45   0:43   2:56 
Kris Newbury             0  0  0   0  4   0  2  0  0  0  10/25  14:25   2:44   0:00 
Kyle Quincey             0  0  0  -3  4   1  4  4  0  0  0/0    24:34   4:52   2:41 
Mark Pysyk               0  0  0  -1  0   1  1  1  0  0  0/0     8:59   0:00   0:36 
Martin Havlat            0  0  0   0  0   0  0  0  0  0  1/2    15:26   5:45   0:00 
Matt Beleskey            0  1  1  -1  2   1  3  0  0  0  0/3    17:39   4:50   3:29 
Michael Kostka           0  0  0  -1  0   4  2  1  0  0  0/0    10:41   0:00   0:00 
Mike Sislo               0  0  0  -1  0   0  0  0  0  0  0/1     8:23   0:00   0:00 
Rich Peverley            0  1  1  -1  0   2  0  0  0  0  14/30  20:39   5:45   4:52 
Robert Bortuzzo          1  0  1  -1  2   4  2  1  0  0  0/0    20:48   4:21   3:18 
Stephen Weiss            0  0  0  -1  0   0  1  0  0  0  5/9     8:23   0:00   0:00 
Viktor Stalberg          0  0  0  -1  0   2  0  0  0  0  0/0     8:05   0:00   0:00 

Players Stats for MapleLeafs

Player Name              G  A  P  +/- PIM S  H  SB GA TA FO     MP     PP MP  PK MP  
------------------------------------------------------------------------------------
Alexei Emelin            0  1  1   2  2   0  5  0  0  0  0/0    20:25   3:39   3:52 
Antoine Roussel          0  0  0   1  2   3  3  0  0  0  0/1    11:31   0:00   1:21 
Antoine Vermette         0  0  0   1  0   3  0  0  0  0  17/27  26:25   3:30   6:03 
Brock Nelson             0  0  0   2  0   1  1  1  0  0  11/21  17:02   5:15   0:00 
Daniel Briere            0  0  0   0  0   0  0  0  0  0  0/0     2:26   0:00   0:44 
Devante Smith-Pelly      0  1  1   1  4   1  0  0  0  0  0/0    10:21   0:11   0:00 
Eric Gelinas             0  1  1   1  2   1  1  0  0  0  0/0    12:08   0:00   0:00 
Evander Kane             0  0  0   1  4   6  1  0  0  0  1/3    19:54   3:41   1:42 
Gregory Campbell         0  0  0   0  0   0  0  0  0  0  1/2     1:42   0:00   0:00 
Jamie Oleksiak           0  0  0   0  0   1  0  0  0  0  0/0     2:13   0:11   0:00 
Jay Bouwmeester          0  1  1   1  0   2  0  1  0  0  0/0    27:03   5:17   4:59 
Michael Del Zotto        0  0  0   1  2   0  0  1  0  0  0/0    11:31   0:00   0:22 
Michael Grabner          0  1  1   2  0   4  1  0  0  0  2/2    17:02   5:15   0:00 
Milan Lucic              1  0  1   1  0   4  5  0  0  0  11/26  27:58   3:30   5:54 
Nick Holden              0  1  1   1  0   1  1  0  0  0  0/0    25:01   5:17   4:59 
Nikita Nikitin           0  2  2   2  0   2  0  0  0  0  0/0    21:36   3:28   4:14 
Shawn Matthias           1  0  1   1  0   2  0  0  0  0  9/13   10:22   0:11   0:00 
Vladimir Tarasenko       2  0  2   2  0   9  0  0  0  0  1/2    21:03   5:15   2:42 

3 Stars

1 - Vladimir Tarasenko (TOR)
2 - Milan Lucic (TOR)
3 - Ryan Miller (TOR)

Power Play

Sharks - 1 on 6 Attempt(s) - 16.67%
MapleLeafs - 0 on 5 Attempt(s) - 0.00%

Penalty Kill

Sharks - 5 on 5 Attempt(s) - 100.00% - Score 0 goal in Penalty Kill
MapleLeafs - 5 on 6 Attempt(s) - 83.33% - Score 0 goal in Penalty Kill

Team Stat

Sharks - Hits : 27 - Faceoff Wins : 44 - Blocked Shots : 11 - Penalty Minutes : 14
MapleLeafs - Hits : 18 - Faceoff Wins : 53 - Blocked Shots : 3 - Penalty Minutes : 16

Official

Referees : Francis Charron and Mike Hasenfratz
Linesman : Jonny Murray and Brad Kovachik

Game Notes

No Game Note

Finance

Level 1 -- Attendance: 5863 (90.20%) -- Ticket Income $586,300
Level 2 -- Attendance: 5000 (100.00%) -- Ticket Income $375,000
Level 3 -- Attendance: 2769 (79.11%) -- Ticket Income $166,140
Level 4 -- Attendance: 1917 (68.00%) -- Ticket Income $95,850
Luxury Box -- Attendance: 943 (94.30%) -- Ticket Income $188,600
Game was played at the Air Canada Center'
Total Attendance: 16492 (87.63%)
Total Ticket Income: $1,411,890
Other Income: $211,784
Total Income: $1,623,674

% Time on Ice - Sharks

Lines # - Real PCT - Wanted PCT - Time Play
Normal Forward
1 - 26% - 30% - 9:41
2 - 29% - 30% - 10:45
3 - 22% - 25% - 8:05
4 - 23% - 15% - 8:23
Normal Defense
1 - 41% - 40% - 14:57
2 - 31% - 35% - 11:16
3 - 29% - 25% - 10:41
4 - 0% - 0% - 0:00
PP Forward
1 - 38% - 50% - 3:28
2 - 62% - 50% - 5:45
PP Defense
1 - 47% - 60% - 4:21
2 - 53% - 40% - 4:52
PK Forward
1 - 61% - 55% - 5:27
2 - 39% - 45% - 3:29
PK Defense
1 - 46% - 55% - 4:09
2 - 54% - 45% - 4:47
PK3 Forward
1 - 0% - 60%
2 - 0% - 40%
PK3 Defense
1 - 0% - 60%
2 - 0% - 40%
44 Forward
1 - 55% - 55% - 2:42
2 - 45% - 45% - 2:15
44 Defense
1 - 45% - 55% - 2:13
2 - 55% - 45% - 2:44
Last Minute Offensive  - 0:00
Last Minute Defensive  - 0:00
Total
Forward - 60:00
Defense - 60:00

% Time on Ice - MapleLeafs

Lines # - Real PCT - Wanted PCT - Time Play
Normal Forward
1 - 36% - 40% - 13:14
2 - 32% - 30% - 11:47
3 - 28% - 20% - 10:11
4 - 5% - 10% - 1:42
Normal Defense
1 - 33% - 40% - 12:06
2 - 31% - 30% - 11:36
3 - 30% - 20% - 11:10
4 - 6% - 10% - 2:02
PP Forward
1 - 41% - 60% - 3:41
2 - 59% - 40% - 5:15
PP Defense
1 - 59% - 60% - 5:17
2 - 41% - 40% - 3:39
PK Forward
1 - 71% - 60% - 6:31
2 - 29% - 40% - 2:42
PK Defense
1 - 54% - 60% - 4:59
2 - 46% - 40% - 4:14
PK3 Forward
1 - 0% - 60%
2 - 0% - 40%
PK3 Defense
1 - 0% - 60%
2 - 0% - 40%
44 Forward
1 - 73% - 60% - 3:38
2 - 27% - 40% - 1:19
44 Defense
1 - 54% - 60% - 2:39
2 - 46% - 40% - 2:18
Last Minute Offensive  - 0:00
Last Minute Defensive  - 0:00
Total
Forward - 60:00
Defense - 60:00

Play by Play

1st period


0:01 of 1st period - Antoine Vermette wins face-off versus Kris Newbury in neutral zone.
0:10 of 1st period - Icing by Kyle Quincey.
0:11 of 1st period - Brock Nelson wins face-off versus Kris Newbury in Sharks zone.
0:16 of 1st period - Shot by Michael Grabner.
0:16 of 1st period - Stopped by Jonas Hiller without a rebound.
0:17 of 1st period - Shawn Matthias wins face-off versus Colin Fraser in Sharks zone.
0:17 of 1st period - Shawn Matthias is hit by Cory Sarich.
0:18 of 1st period - Double Minor Penalty to Devante Smith-Pelly for Slashing.
0:18 of 1st period - Minor Penalty to Cory Sarich for Tripping.
0:19 of 1st period - Rich Peverley wins face-off versus Milan Lucic in Sharks zone.
0:40 of 1st period - Shot by Antoine Vermette.
0:40 of 1st period - Shot Blocked by Jannik Hansen.
1:15 of 1st period - Off-side.
1:16 of 1st period - Evander Kane wins face-off versus Matt Beleskey in neutral zone.
1:21 of 1st period - Shot by Nikita Nikitin.
1:21 of 1st period - Stopped by Jonas Hiller with a rebound.
1:39 of 1st period - Shot by Vladimir Tarasenko.
1:39 of 1st period - Deflect By Evander Kane.
1:39 of 1st period - Stopped by Jonas Hiller without a rebound.
1:40 of 1st period - Vladimir Tarasenko wins face-off versus Kris Newbury in Sharks zone.
1:40 of 1st period - Alexei Emelin is hit by Chris Butler.
1:46 of 1st period - Shot by Vladimir Tarasenko.
1:46 of 1st period - Stopped by Jonas Hiller without a rebound.
1:47 of 1st period - Kris Newbury wins face-off versus Milan Lucic in Sharks zone.
2:00 of 1st period - Shot by Milan Lucic.
2:00 of 1st period - Stopped by Jonas Hiller with a rebound.
2:45 of 1st period - Icing by Jannik Hansen.
2:46 of 1st period - Rich Peverley wins face-off versus Milan Lucic in Sharks zone.
2:46 of 1st period - Rich Peverley is hit by Milan Lucic.
3:03 of 1st period - Icing by Jannik Hansen.
3:04 of 1st period - Rich Peverley wins face-off versus Milan Lucic in Sharks zone.
3:06 of 1st period - Icing by Cory Sarich.
3:07 of 1st period - Rich Peverley wins face-off versus Milan Lucic in Sharks zone.
3:07 of 1st period - Rich Peverley is hit by Milan Lucic.
3:12 of 1st period - Off-side.
3:13 of 1st period - Milan Lucic wins face-off versus Kris Newbury in neutral zone.
3:45 of 1st period - Shot by Robert Bortuzzo.
3:45 of 1st period - Stopped by Ryan Miller with a rebound.
3:47 of 1st period - Shot by Chris Butler.
3:47 of 1st period - Shot Misses the Net.
4:05 of 1st period - Shot by Kyle Quincey.
4:05 of 1st period - Shot Misses the Net.
4:07 of 1st period - Shot by Martin Havlat.
4:07 of 1st period - Shot Misses the Net.
4:09 of 1st period - Shot by Kyle Quincey.
4:09 of 1st period - Stopped by Ryan Miller without a rebound.
4:10 of 1st period - Rich Peverley wins face-off versus Evander Kane in MapleLeafs zone.
4:22 of 1st period - Devante Smith-Pelly is hit by Stephen Weiss and loses puck.
4:38 of 1st period - Shot by Antoine Roussel.
4:38 of 1st period - Stopped by Jonas Hiller with a rebound.
4:40 of 1st period - Shot by Eric Gelinas.
4:40 of 1st period - Stopped by Jonas Hiller with a rebound.
4:55 of 1st period - Devante Smith-Pelly is hit by Cory Sarich and loses puck.
5:23 of 1st period - Shot by Nick Holden.
5:23 of 1st period - Shot Blocked by Mark Pysyk.
5:43 of 1st period - Shot by Vladimir Tarasenko.
5:43 of 1st period - Stopped by Jonas Hiller without a rebound.
5:44 of 1st period - Drew Stafford wins face-off versus Antoine Vermette in Sharks zone.
5:46 of 1st period - Icing by Joe Corvo.
5:47 of 1st period - Antoine Vermette wins face-off versus Drew Stafford in Sharks zone.
6:02 of 1st period - Shot by Milan Lucic.
6:02 of 1st period - Shot Blocked by Kyle Quincey.
6:39 of 1st period - Icing by Kyle Quincey.
6:40 of 1st period - Brock Nelson wins face-off versus Colin Fraser in Sharks zone.
6:40 of 1st period - Brock Nelson is hit by Kyle Quincey.
7:00 of 1st period - Shot by Vladimir Tarasenko.
7:00 of 1st period - Goal by Vladimir Tarasenko - Sharks : 0 - MapleLeafs : 1.
7:01 of 1st period - Kris Newbury wins face-off versus Shawn Matthias in neutral zone.
7:08 of 1st period - Shot by Antoine Roussel.
7:08 of 1st period - Stopped by Jonas Hiller with a rebound.
8:32 of 1st period - Minor Penalty to Evander Kane for Tripping.
8:33 of 1st period - Kris Newbury wins face-off versus Milan Lucic in MapleLeafs zone.
8:41 of 1st period - Icing by Cory Sarich.
8:42 of 1st period - Milan Lucic wins face-off versus Kris Newbury in Sharks zone.
9:41 of 1st period - Chris Butler is hit by Antoine Roussel.
9:48 of 1st period - Off-side.
9:49 of 1st period - Milan Lucic wins face-off versus Colin Fraser in neutral zone.
9:58 of 1st period - Shot by Joe Corvo.
9:58 of 1st period - Shot Misses the Net.
10:09 of 1st period - Icing by Kyle Quincey.
10:10 of 1st period - Colin Fraser wins face-off versus Antoine Roussel in Sharks zone.
10:19 of 1st period - Shot by Joe Corvo.
10:19 of 1st period - Shot Blocked by Jay Bouwmeester.
10:21 of 1st period - Shot by Kyle Quincey.
10:21 of 1st period - Shot Misses the Net.
10:51 of 1st period - Shot by Viktor Stalberg.
10:51 of 1st period - Stopped by Ryan Miller without a rebound.
10:52 of 1st period - Stephen Weiss wins face-off versus Antoine Vermette in MapleLeafs zone.
11:05 of 1st period - Icing by Mark Pysyk.
11:06 of 1st period - Shawn Matthias wins face-off versus Stephen Weiss in Sharks zone.
11:30 of 1st period - Nick Holden is hit by Mark Pysyk and loses puck.
11:43 of 1st period - Shot by Shawn Matthias.
11:43 of 1st period - Stopped by Jonas Hiller without a rebound.
11:44 of 1st period - Kris Newbury wins face-off versus Antoine Vermette in Sharks zone.
11:51 of 1st period - Shot by Milan Lucic.
11:51 of 1st period - Shot Misses the Net.
11:53 of 1st period - Shot by Nikita Nikitin.
11:53 of 1st period - Shot Misses the Net.
11:55 of 1st period - Shot by Evander Kane.
11:55 of 1st period - Shot Misses the Net.
11:57 of 1st period - Shot by Evander Kane.
11:57 of 1st period - Stopped by Jonas Hiller without a rebound.
11:58 of 1st period - Colin Fraser wins face-off versus Brock Nelson in Sharks zone.
11:58 of 1st period - Colin Fraser is hit by Michael Grabner.
12:13 of 1st period - Eric Gelinas is hit by Robert Bortuzzo.
12:25 of 1st period - Shot by Drew Stafford.
12:25 of 1st period - Stopped by Ryan Miller without a rebound.
12:26 of 1st period - Antoine Vermette wins face-off versus Kris Newbury in MapleLeafs zone.
12:35 of 1st period - Shot by Antoine Vermette.
12:35 of 1st period - Shot Misses the Net.
12:42 of 1st period - Minor Penalty to Evander Kane for Goalie Interference.
12:43 of 1st period - Rich Peverley wins face-off versus Milan Lucic in MapleLeafs zone.
12:58 of 1st period - Shot by Robert Bortuzzo.
12:58 of 1st period - Goal by Robert Bortuzzo - Sharks : 1 - MapleLeafs : 1.
12:59 of 1st period - Colin Fraser wins face-off versus Brock Nelson in neutral zone.
13:02 of 1st period - Shot by Andrew Shaw.
13:02 of 1st period - Stopped by Ryan Miller without a rebound.
13:03 of 1st period - Milan Lucic wins face-off versus Rich Peverley in MapleLeafs zone.
13:22 of 1st period - Shot by Rich Peverley.
13:22 of 1st period - Stopped by Ryan Miller without a rebound.
13:23 of 1st period - Brock Nelson wins face-off versus Jannik Hansen in MapleLeafs zone.
13:30 of 1st period - Shot by Brock Nelson.
13:30 of 1st period - Shot Blocked by Michael Kostka.
14:00 of 1st period - Shot by Jannik Hansen.
14:00 of 1st period - Shot Misses the Net.
14:02 of 1st period - Shot by Jannik Hansen.
14:02 of 1st period - Shot Misses the Net.
14:31 of 1st period - Off-side.
14:32 of 1st period - Shawn Matthias wins face-off versus Rich Peverley in neutral zone.
14:44 of 1st period - Devante Smith-Pelly is hit by Cory Sarich and loses puck.
14:52 of 1st period - Antoine Roussel is hit by Cory Sarich and loses puck.
15:05 of 1st period - Shot by Antoine Roussel.
15:05 of 1st period - Stopped by Jonas Hiller without a rebound.
15:06 of 1st period - Antoine Vermette wins face-off versus Drew Stafford in Sharks zone.
15:06 of 1st period - Nick Holden is hit by Kyle Quincey and loses puck.
15:35 of 1st period - Shot by Drew Stafford.
15:35 of 1st period - Stopped by Ryan Miller without a rebound.
15:36 of 1st period - Martin Havlat wins face-off versus Brock Nelson in MapleLeafs zone.
16:10 of 1st period - Minor Penalty to Alexei Emelin for Hooking.
16:11 of 1st period - Rich Peverley wins face-off versus Milan Lucic in MapleLeafs zone.
17:10 of 1st period - Minor Penalty to Kris Newbury for Holding.
17:11 of 1st period - Milan Lucic wins face-off versus Colin Fraser in Sharks zone.
19:03 of 1st period - Drew Stafford is hit by Alexei Emelin and loses puck.
19:10 of 1st period - Shot by Jamie Oleksiak.
19:10 of 1st period - Stopped by Jonas Hiller with a rebound.
19:12 of 1st period - Shot by Devante Smith-Pelly.
19:12 of 1st period - Shot Blocked by Robert Bortuzzo.
19:14 of 1st period - Shot by Michael Del Zotto.
19:14 of 1st period - Shot Misses the Net.
19:43 of 1st period - Off-side.
19:44 of 1st period - Kris Newbury wins face-off versus Milan Lucic in neutral zone.
Goals for this period are 1 for Sharks vs 1 for MapleLeafs.
Shots for this period are 8 for Sharks vs 14 for MapleLeafs.

2nd period


0:01 of 2nd period - Colin Fraser wins face-off versus Antoine Vermette in neutral zone.
0:29 of 2nd period - Antoine Vermette is hit by Joe Corvo and loses puck.
0:45 of 2nd period - Minor Penalty to Kyle Quincey for Roughing.
0:46 of 2nd period - Michael Grabner wins face-off versus Jannik Hansen in Sharks zone.
0:46 of 2nd period - Michael Grabner is hit by Robert Bortuzzo.
0:50 of 2nd period - Shot by Vladimir Tarasenko.
0:50 of 2nd period - Stopped by Jonas Hiller without a rebound.
0:51 of 2nd period - Brock Nelson wins face-off versus Rich Peverley in Sharks zone.
2:01 of 2nd period - Shot by Antoine Vermette.
2:01 of 2nd period - Stopped by Jonas Hiller with a rebound.
2:09 of 2nd period - Icing by Jay Bouwmeester.
2:10 of 2nd period - Milan Lucic wins face-off versus Rich Peverley in MapleLeafs zone.
2:15 of 2nd period - Shot by Jay Bouwmeester.
2:15 of 2nd period - Stopped by Jonas Hiller without a rebound.
2:16 of 2nd period - Antoine Vermette wins face-off versus Rich Peverley in Sharks zone.
2:33 of 2nd period - Shot by Evander Kane.
2:33 of 2nd period - Stopped by Jonas Hiller without a rebound.
2:34 of 2nd period - Jannik Hansen wins face-off versus Brock Nelson in Sharks zone.
2:58 of 2nd period - Icing by Michael Kostka.
2:59 of 2nd period - Antoine Vermette wins face-off versus Mike Sislo in Sharks zone.
3:06 of 2nd period - Shot by Mark Pysyk.
3:06 of 2nd period - Shot Misses the Net.
3:08 of 2nd period - Shot by Robert Bortuzzo.
3:08 of 2nd period - Stopped by Ryan Miller with a rebound.
3:10 of 2nd period - Shot by Michael Kostka.
3:10 of 2nd period - Stopped by Ryan Miller with a rebound.
3:49 of 2nd period - Joe Corvo is hit by Alexei Emelin and loses puck.
3:56 of 2nd period - Shot by Viktor Stalberg.
3:56 of 2nd period - Stopped by Ryan Miller without a rebound.
3:57 of 2nd period - Kris Newbury wins face-off versus Brock Nelson in MapleLeafs zone.
4:33 of 2nd period - Shot by Michael Grabner.
4:33 of 2nd period - Stopped by Jonas Hiller without a rebound.
4:34 of 2nd period - Shawn Matthias wins face-off versus Rich Peverley in Sharks zone.
4:39 of 2nd period - Shot by Devante Smith-Pelly.
4:39 of 2nd period - Shot Misses the Net.
5:52 of 2nd period - Icing by Nikita Nikitin.
5:53 of 2nd period - Antoine Vermette wins face-off versus Kris Newbury in MapleLeafs zone.
5:53 of 2nd period - Antoine Vermette is hit by Kris Newbury.
5:56 of 2nd period - Minor Penalty to Kris Newbury for High sticking.
5:57 of 2nd period - Rich Peverley wins face-off versus Vladimir Tarasenko in Sharks zone.
6:31 of 2nd period - Icing by Jay Bouwmeester.
6:32 of 2nd period - Jannik Hansen wins face-off versus Brock Nelson in MapleLeafs zone.
6:49 of 2nd period - Shot by Vladimir Tarasenko.
6:49 of 2nd period - Stopped by Jonas Hiller without a rebound.
6:50 of 2nd period - Antoine Vermette wins face-off versus Rich Peverley in Sharks zone.
6:51 of 2nd period - Shot by Alexei Emelin.
6:51 of 2nd period - Shot Hit the Post.
7:35 of 2nd period - Shot by Matt Beleskey.
7:35 of 2nd period - Stopped by Ryan Miller without a rebound.
7:36 of 2nd period - Drew Stafford wins face-off versus Brock Nelson in MapleLeafs zone.
8:08 of 2nd period - Shot by Jannik Hansen.
8:08 of 2nd period - Stopped by Ryan Miller without a rebound.
8:09 of 2nd period - Stephen Weiss wins face-off versus Gregory Campbell in MapleLeafs zone.
8:27 of 2nd period - Milan Lucic is hit by Kyle Quincey and loses puck.
8:47 of 2nd period - Minor Penalty to Kyle Quincey for Slashing.
8:48 of 2nd period - Michael Grabner wins face-off versus Rich Peverley in Sharks zone.
9:28 of 2nd period - Icing by Alexei Emelin.
9:29 of 2nd period - Jannik Hansen wins face-off versus Brock Nelson in MapleLeafs zone.
9:29 of 2nd period - Robert Bortuzzo is hit by Alexei Emelin and loses puck.
9:40 of 2nd period - Shot by Vladimir Tarasenko.
9:40 of 2nd period - Stopped by Jonas Hiller without a rebound.
9:41 of 2nd period - Antoine Vermette wins face-off versus Rich Peverley in Sharks zone.
9:48 of 2nd period - Shot by Milan Lucic.
9:48 of 2nd period - Stopped by Jonas Hiller without a rebound.
9:49 of 2nd period - Rich Peverley wins face-off versus Milan Lucic in Sharks zone.
10:32 of 2nd period - Icing by Evander Kane.
10:33 of 2nd period - Antoine Vermette wins face-off versus Rich Peverley in MapleLeafs zone.
11:03 of 2nd period - Martin Havlat is hit by Alexei Emelin and loses puck.
11:14 of 2nd period - Shot by Jannik Hansen.
11:14 of 2nd period - Shot Blocked by Brock Nelson.
11:16 of 2nd period - Shot by Robert Bortuzzo.
11:16 of 2nd period - Stopped by Ryan Miller without a rebound.
11:17 of 2nd period - Shawn Matthias wins face-off versus Colin Fraser in MapleLeafs zone.
11:30 of 2nd period - Shot by Shawn Matthias.
11:30 of 2nd period - Goal by Shawn Matthias - Sharks : 1 - MapleLeafs : 2.
11:31 of 2nd period - Gregory Campbell wins face-off versus Rich Peverley in neutral zone.
13:47 of 2nd period - Shot by Michael Del Zotto.
13:47 of 2nd period - Shot Blocked by Kyle Quincey.
13:49 of 2nd period - Shot by Eric Gelinas.
13:49 of 2nd period - Shot Blocked by Kyle Quincey.
13:51 of 2nd period - Shot by Devante Smith-Pelly.
13:51 of 2nd period - Stopped by Jonas Hiller without a rebound.
13:52 of 2nd period - Antoine Vermette wins face-off versus Kris Newbury in Sharks zone.
13:59 of 2nd period - Shot by Nick Holden.
13:59 of 2nd period - Deflect By Evander Kane.
13:59 of 2nd period - Stopped by Jonas Hiller without a rebound.
14:00 of 2nd period - Kris Newbury wins face-off versus Antoine Vermette in Sharks zone.
14:28 of 2nd period - Off-side.
14:29 of 2nd period - Brock Nelson wins face-off versus Stephen Weiss in neutral zone.
14:55 of 2nd period - Shot by Vladimir Tarasenko.
14:55 of 2nd period - Shot Misses the Net.
14:57 of 2nd period - Shot by Vladimir Tarasenko.
14:57 of 2nd period - Stopped by Jonas Hiller without a rebound.
14:58 of 2nd period - Colin Fraser wins face-off versus Antoine Vermette in Sharks zone.
14:58 of 2nd period - Andrew Shaw is hit by Evander Kane and loses puck.
15:52 of 2nd period - Icing by Antoine Vermette.
15:53 of 2nd period - Antoine Vermette wins face-off versus Kris Newbury in MapleLeafs zone.
17:33 of 2nd period - Minor Penalty to Michael Del Zotto for Tripping.
17:33 of 2nd period - Minor Penalty to Matt Beleskey for Interference.
17:34 of 2nd period - Rich Peverley wins face-off versus Milan Lucic in MapleLeafs zone.
17:34 of 2nd period - Rich Peverley is hit by Nick Holden.
17:38 of 2nd period - Shot by Jannik Hansen.
17:38 of 2nd period - Stopped by Ryan Miller without a rebound.
17:39 of 2nd period - Milan Lucic wins face-off versus Rich Peverley in MapleLeafs zone.
17:55 of 2nd period - Off-side.
17:56 of 2nd period - Milan Lucic wins face-off versus Kris Newbury in neutral zone.
18:03 of 2nd period - Shot by Milan Lucic.
18:03 of 2nd period - Stopped by Jonas Hiller without a rebound.
18:04 of 2nd period - Rich Peverley wins face-off versus Milan Lucic in Sharks zone.
19:23 of 2nd period - Shot by Alexei Emelin.
19:23 of 2nd period - Shot Misses the Net.
19:58 of 2nd period - Shot by Mark Pysyk.
19:58 of 2nd period - Shot Misses the Net.
Goals for this period are 0 for Sharks vs 1 for MapleLeafs.
Shots for this period are 7 for Sharks vs 13 for MapleLeafs.

3rd period


0:01 of 3rd period - Colin Fraser wins face-off versus Evander Kane in neutral zone.
0:11 of 3rd period - Antoine Vermette is hit by Kyle Quincey.
0:58 of 3rd period - Off-side.
0:59 of 3rd period - Brock Nelson wins face-off versus Kris Newbury in neutral zone.
1:18 of 3rd period - Shot by Michael Grabner.
1:18 of 3rd period - Deflect By Vladimir Tarasenko.
1:18 of 3rd period - Stopped by Jonas Hiller with a rebound.
1:20 of 3rd period - Shot by Brock Nelson.
1:20 of 3rd period - Stopped by Jonas Hiller without a rebound.
1:21 of 3rd period - Shawn Matthias wins face-off versus Matt Beleskey in Sharks zone.
1:43 of 3rd period - Shot by Matt Beleskey.
1:43 of 3rd period - Shot Misses the Net.
1:45 of 3rd period - Shot by Robert Bortuzzo.
1:45 of 3rd period - Shot Hit the Post.
1:47 of 3rd period - Shot by Rich Peverley.
1:47 of 3rd period - Shot Blocked by Michael Del Zotto.
1:49 of 3rd period - Shot by Robert Bortuzzo.
1:49 of 3rd period - Shot Misses the Net.
2:21 of 3rd period - Off-side.
2:22 of 3rd period - Antoine Vermette wins face-off versus Colin Fraser in neutral zone.
2:25 of 3rd period - Kyle Quincey is hit by Milan Lucic and loses puck.
3:45 of 3rd period - Shot by Michael Grabner.
3:45 of 3rd period - Stopped by Jonas Hiller without a rebound.
3:46 of 3rd period - Rich Peverley wins face-off versus Shawn Matthias in Sharks zone.
3:48 of 3rd period - Icing by Robert Bortuzzo.
3:49 of 3rd period - Shawn Matthias wins face-off versus Rich Peverley in Sharks zone.
3:55 of 3rd period - Off-side.
3:56 of 3rd period - Antoine Vermette wins face-off versus Kris Newbury in neutral zone.
3:56 of 3rd period - Evander Kane is hit by Jannik Hansen and loses puck.
4:08 of 3rd period - Icing by Evander Kane.
4:09 of 3rd period - Antoine Vermette wins face-off versus Rich Peverley in MapleLeafs zone.
4:09 of 3rd period - Antoine Vermette is hit by Matt Beleskey.
4:25 of 3rd period - Shot by Antoine Vermette.
4:25 of 3rd period - Deflect By Evander Kane.
4:25 of 3rd period - Shot Misses the Net.
4:46 of 3rd period - Shot by Antoine Vermette.
4:46 of 3rd period - Stopped by Jonas Hiller with a rebound.
4:48 of 3rd period - Shot by Milan Lucic.
4:48 of 3rd period - Shot Blocked by Joe Corvo.
4:59 of 3rd period - Icing by Joe Corvo.
5:00 of 3rd period - Brock Nelson wins face-off versus Rich Peverley in Sharks zone.
5:40 of 3rd period - Shot by Michael Grabner.
5:40 of 3rd period - Deflect By Vladimir Tarasenko.
5:40 of 3rd period - Goal by Vladimir Tarasenko - Sharks : 1 - MapleLeafs : 3.
5:41 of 3rd period - Shawn Matthias wins face-off versus Kris Newbury in neutral zone.
5:41 of 3rd period - Devante Smith-Pelly is hit by Kris Newbury and loses puck.
6:17 of 3rd period - Shot by Jannik Hansen.
6:17 of 3rd period - Stopped by Ryan Miller without a rebound.
6:18 of 3rd period - Colin Fraser wins face-off versus Antoine Vermette in MapleLeafs zone.
6:25 of 3rd period - Shot by Andrew Shaw.
6:25 of 3rd period - Stopped by Ryan Miller without a rebound.
6:26 of 3rd period - Antoine Vermette wins face-off versus Colin Fraser in MapleLeafs zone.
6:30 of 3rd period - Nick Holden is hit by Michael Kostka and loses puck.
6:51 of 3rd period - Icing by Michael Kostka.
6:52 of 3rd period - Brock Nelson wins face-off versus Colin Fraser in Sharks zone.
7:13 of 3rd period - Shot by Michael Kostka.
7:13 of 3rd period - Stopped by Ryan Miller with a rebound.
7:15 of 3rd period - Shot by Michael Kostka.
7:15 of 3rd period - Stopped by Ryan Miller without a rebound.
7:16 of 3rd period - Kris Newbury wins face-off versus Antoine Vermette in MapleLeafs zone.
7:57 of 3rd period - Antoine Vermette is hit by Cory Sarich and loses puck.
8:20 of 3rd period - Shot by Alexei Emelin.
8:20 of 3rd period - Shot Blocked by Chris Butler.
8:23 of 3rd period - Icing by Cory Sarich.
8:24 of 3rd period - Shawn Matthias wins face-off versus Kris Newbury in Sharks zone.
8:24 of 3rd period - Shawn Matthias is hit by Cory Sarich.
9:54 of 3rd period - Shot by Michael Kostka.
9:54 of 3rd period - Stopped by Ryan Miller without a rebound.
9:55 of 3rd period - Stephen Weiss wins face-off versus Antoine Vermette in MapleLeafs zone.
10:11 of 3rd period - Minor Penalty to Robert Bortuzzo for Hooking.
10:12 of 3rd period - Rich Peverley wins face-off versus Brock Nelson in Sharks zone.
10:31 of 3rd period - Shot by Vladimir Tarasenko.
10:31 of 3rd period - Shot Misses the Net.
10:47 of 3rd period - Shot by Jay Bouwmeester.
10:47 of 3rd period - Shot Blocked by Chris Butler.
10:49 of 3rd period - Shot by Jay Bouwmeester.
10:49 of 3rd period - Shot Misses the Net.
11:39 of 3rd period - Shot by Evander Kane.
11:39 of 3rd period - Stopped by Jonas Hiller without a rebound.
11:40 of 3rd period - Brock Nelson wins face-off versus Matt Beleskey in Sharks zone.
11:40 of 3rd period - Brock Nelson is hit by Chris Butler.
11:42 of 3rd period - Shot by Nick Holden.
11:42 of 3rd period - Stopped by Jonas Hiller with a rebound.
11:44 of 3rd period - Shot by Jay Bouwmeester.
11:44 of 3rd period - Stopped by Jonas Hiller without a rebound.
11:45 of 3rd period - Brock Nelson wins face-off versus Jannik Hansen in Sharks zone.
12:02 of 3rd period - Shot by Michael Grabner.
12:02 of 3rd period - Stopped by Jonas Hiller with a rebound.
12:04 of 3rd period - Shot by Michael Grabner.
12:04 of 3rd period - Shot Blocked by Kyle Quincey.
12:06 of 3rd period - Shot by Nick Holden.
12:06 of 3rd period - Shot Hit the Post.
12:08 of 3rd period - Shot by Jay Bouwmeester.
12:08 of 3rd period - Shot Misses the Net.
12:10 of 3rd period - Shot by Jay Bouwmeester.
12:10 of 3rd period - Shot Misses the Net.
12:17 of 3rd period - Off-side.
12:18 of 3rd period - Stephen Weiss wins face-off versus Antoine Vermette in neutral zone.
12:25 of 3rd period - Shot by Michael Kostka.
12:25 of 3rd period - Shot Misses the Net.
12:45 of 3rd period - Shot by Nikita Nikitin.
12:45 of 3rd period - Stopped by Jonas Hiller with a rebound.
12:47 of 3rd period - Shot by Milan Lucic.
12:47 of 3rd period - Goal by Milan Lucic - Sharks : 1 - MapleLeafs : 4.
12:48 of 3rd period - Colin Fraser wins face-off versus Shawn Matthias in neutral zone.
12:48 of 3rd period - Colin Fraser is hit by Antoine Roussel.
13:01 of 3rd period - Joe Corvo is hit by Antoine Roussel and loses puck.
13:07 of 3rd period - Minor Penalty to Antoine Roussel for Hooking.
13:08 of 3rd period - Rich Peverley wins face-off versus Milan Lucic in MapleLeafs zone.
13:21 of 3rd period - Shot by Chris Butler.
13:21 of 3rd period - Stopped by Ryan Miller without a rebound.
13:22 of 3rd period - Milan Lucic wins face-off versus Kris Newbury in MapleLeafs zone.
13:27 of 3rd period - Cory Sarich is hit by Milan Lucic.
13:57 of 3rd period - Shot by Kyle Quincey.
13:57 of 3rd period - Shot Misses the Net.
14:49 of 3rd period - Shot by Antoine Vermette.
14:49 of 3rd period - Stopped by Jonas Hiller without a rebound.
14:50 of 3rd period - Kris Newbury wins face-off versus Milan Lucic in Sharks zone.
14:50 of 3rd period - Kris Newbury is hit by Milan Lucic.
14:56 of 3rd period - Shot by Drew Stafford.
14:56 of 3rd period - Stopped by Ryan Miller without a rebound.
14:57 of 3rd period - Kris Newbury wins face-off versus Milan Lucic in MapleLeafs zone.
15:15 of 3rd period - Icing by Michael Del Zotto.
15:16 of 3rd period - Stephen Weiss wins face-off versus Brock Nelson in MapleLeafs zone.
15:16 of 3rd period - Joe Corvo is hit by Eric Gelinas and loses puck.
16:07 of 3rd period - Chris Butler is hit by Brock Nelson and loses puck.
16:16 of 3rd period - Eric Gelinas is hit by Colin Fraser and loses puck.
16:24 of 3rd period - Minor Penalty to Eric Gelinas for Tripping.
16:25 of 3rd period - Milan Lucic wins face-off versus Martin Havlat in MapleLeafs zone.
16:25 of 3rd period - Jay Bouwmeester is hit by Matt Beleskey and loses puck.
16:32 of 3rd period - Shot by Rich Peverley.
16:32 of 3rd period - Stopped by Ryan Miller without a rebound.
16:33 of 3rd period - Milan Lucic wins face-off versus Rich Peverley in MapleLeafs zone.
17:04 of 3rd period - Antoine Vermette is hit by Matt Beleskey and loses puck.
18:34 of 3rd period - Icing by Kyle Quincey.
18:35 of 3rd period - Brock Nelson wins face-off versus Stephen Weiss in Sharks zone.
18:48 of 3rd period - Shot by Mike Sislo.
18:48 of 3rd period - Deflect By Mark Pysyk.
18:48 of 3rd period - Stopped by Ryan Miller without a rebound.
18:49 of 3rd period - Colin Fraser wins face-off versus Shawn Matthias in MapleLeafs zone.
18:49 of 3rd period - Colin Fraser is hit by Alexei Emelin.
19:11 of 3rd period - Shot by Drew Stafford.
19:11 of 3rd period - Stopped by Ryan Miller without a rebound.
19:12 of 3rd period - Antoine Vermette wins face-off versus Stephen Weiss in MapleLeafs zone.
19:24 of 3rd period - Nick Holden is hit by Cory Sarich and loses puck.
19:39 of 3rd period - Shot by Evander Kane.
19:39 of 3rd period - Stopped by Jonas Hiller with a rebound.
19:52 of 3rd period - Antoine Vermette is hit by Michael Kostka and loses puck.
Goals for this period are 0 for Sharks vs 2 for MapleLeafs.
Shots for this period are 10 for Sharks vs 13 for MapleLeafs.


Output by the SimonT Hockey Simulator (STHS) for Stephane Roy -- Original Page W3C XHTML 1.0 Valid
Hockey Simulator - Hockey Simulation - Hockey Manager